 Dungeon Crawl Stone Soup version 0.26.0-15-gc6cd9f700b (webtiles) character file.

Game seed: 15742187279152893040

56 teolandon225 the Chopper (level 3, -1/33 HPs)
             Began as a Hill Orc Monk on Jan 15, 2021.
             Slain by a hobgoblin (4 damage)
             ... on level 2 of the Dungeon.
             The game lasted 00:03:51 (2366 turns).

teolandon225 the Chopper (Hill Orc Monk)            Turns: 2366, Time: 00:03:52

Health: -1/33      AC:  2    Str: 14    XL:     3   Next: 97%
Magic:  3/3        EV: 10    Int: 10    God:
Gold:   155        SH:  7    Dex: 13    Spells: 2/2 levels left

rFire    . . .     SeeInvis .   f - +1 hand axe (flame)
rCold    . . .     Faith    .   r - +0 kite shield
rNeg     . . .     Spirit   .   b - +0 robe
rPois    .         Reflect  .   (no helmet)
rElec    .         Harm     .   (no cloak)
rCorr    .         Rampage  .   (no gloves)
Will     .....                  (no boots)
Stlth    ++........             (no amulet)
HPRegen  0.11/turn              (no ring)
MPRegen  0.08/turn              (no ring)

@: lethally poisoned (-1 -> -19), attractive, flying, hasted, very quick
A: no striking features
a: no special abilities


You were on level 2 of the Dungeon.
You visited 1 branch of the dungeon, and saw 2 of its levels.

You collected 155 gold pieces.

Inventory:

Hand Weapons
 a - a +0 hand axe
 f - a +1 hand axe of flaming (weapon)
Armour
 b - a +0 robe (worn)
 r - a +0 kite shield (worn)
Jewellery
 q - an uncursed amulet of reflection {unknown}
Scrolls
 c - a scroll of enchant weapon {unknown}
 i - 2 scrolls of identify {unknown}
 j - 3 scrolls of remove curse {unknown}
 k - a scroll of magic mapping {unknown}
 m - a scroll of fear {unknown}
Potions
 d - a potion of flight
 g - a potion of curing {unknown}
 h - a potion of cancellation {unknown}
 l - a potion of heal wounds
 n - a potion of degeneration {unknown}
 o - a potion of attraction
 p - a potion of magic {unknown}


   Skills:
 + Level 4.1 Fighting
 * Level 5.0 Axes
 + Level 1.4 Armour
 + Level 2.7 Dodging
 - Level 1.5 Stealth
 + Level 0.0 Shields


You had 2 spell levels left.
You didn't know any spells.
Your spell library was empty.

Dungeon Overview and Level Annotations

Branches:
Dungeon (2/15)

Altars:


Message History

You closely miss the hobgoblin. You miss the adder.
The adder barely misses you.
You closely miss the hobgoblin. You barely miss the adder.
You feel sick. The adder bites you. The hobgoblin hits you.
You hit the hobgoblin but do no damage. You miss the adder.
You feel sick. The adder bites you.
You are lethally poisoned!
The adder poisons you! The hobgoblin hits you.
* * * LOW HITPOINT WARNING * * *
The adder bites you.
* * * LOW HITPOINT WARNING * * *
You are more poisoned.
The adder poisons you!
* * * LOW HITPOINT WARNING * * *
You feel sick.
It was a potion of attraction.
You feel attractive to monsters.
* * * LOW HITPOINT WARNING * * *
You feel sick. The hobgoblin hits you.
You die...

###.###รท#############
............... ....###.#######
........# #######.# ##.#########
.. #..........# w# #..........#
.. #...@......# .## #..gS......#
..# #..........########## #.#
##.##########........ #.# #.#
#######........
########.#####.####....##........
.....).....g)..#.................
....####.#####.#.##....##...)....
....# #..# #.#.##....##........


You could see an adder and a hobgoblin.

Vanquished Creatures
  2 oozes (D:1)
  A worm (D:2)
  A leopard gecko (D:2)
  A ball python (D:1)
  2 giant cockroaches
  7 goblins
  5 hobgoblins
  4 jackals (D:2)
  7 kobolds
  4 bats
  2 frilled lizards
  4 rats
40 creatures vanquished.

Notes
Turn   | Place    | Note
-------+----------+-------------------------------------------
     0 | D:1      | teolandon225 the Hill Orc Monk began the quest for the Orb.
     0 | D:1      | Reached XP level 1. HP: 19/19 MP: 1/1
   370 | D:1      | Reached XP level 2. HP: 22/27 MP: 2/2
   641 | D:1      | Reached skill level 1 in Armour
   749 | D:1      | Reached XP level 3. HP: 28/33 MP: 3/3
  1683 | D:2      | Reached skill level 5 in Axes
  2366 | D:2      | Slain by a hobgoblin

Illustrated notes

Levels and vault maps discovered:
D:1:      wander_arrival_estate, layout_basic
D:2:      layout_basic

Skill      XL: |  1  2  3 |
---------------+----------+-----
Armour         | 1 |  1.4
Fighting       | 4 |  4.1
Axes           | 5 |  5.0
Dodging        | |  2.7
Stealth        | |  1.5

Action                   || total
-------------------------++-------
Melee: Hand axe          ||   119
  Use: Potion            ||     4
 Stab: Sleeping          ||     4
Armor: Robe              ||    18
Dodge: Dodged            ||    68
Block: Kite shield       ||    11
